AoeStats
← Bert > Ernie

Fortress

510807098Analyzed
1v1 RM · 8h ago on Oct 2, 2026· 42m 14s· 2 players
Game mode
Random Map
Map size
Small (3 player)
Population
200
Speed
Normal
Resources
Standard
Victory
Conquest
Starting age
Dark Age
Ending age
Imperial Age
RankedLock teamsTeams togetherTeam positionsShared explorationLock speedFull tech treeHidden civsTurbo modeCheats
Victory
Defeat
🇨🇦 Varangians · Canada
1000
+17
🇹🇷 Huns · Türkiye
1024
-17
Bert > Ernie
8:18 Feudal Age
12:06 Castle Age
10:03 Double-Bit Axe
10:12 Horse Collar
11:23 Gold Mining
14:09 Bow Saw
18:02 Loom
18:21 Heavy Plow
20:26 Wheelbarrow
21:23 Wheelbarrow
24:32 Scale Barding Armor
24:38 Forging
24:29 Pikeman
28:53 Imperial Age
27:32 Gambesons
27:52 Scale Mail Armor
28:19 Squires
28:46 Bloodlines
32:36 Chain Barding Armor
33:37 Masonry
34:31 Plate Barding Armor
34:04 Husbandry
33:26 Light Cavalry
34:50 Hand Cart
34:01 Halberdier
35:46 Iron Casting
35:28 Chain Mail Armor
35:41 Squires
36:08 Ballistics
36:19 Architecture
35:53 Elite Jarl
38:03 Plate Mail Armor
37:24 Fletching
40:11 Bodkin Arrow
41:16 Blast Furnace
42:31 Arson
SperM
6:50 Loom
9:16 Feudal Age
11:20 Double-Bit Axe
12:03 Horse Collar
14:47 Castle Age
12:50 Gold Mining
13:12 Stone Mining
14:05 Fletching
14:23 Scale Barding Armor
14:29 Forging
17:08 Chain Barding Armor
17:24 Iron Casting
19:30 Bow Saw
22:19 Wheelbarrow
23:23 Bloodlines
24:03 Husbandry
24:02 Town Watch
26:15 Hand Cart
27:33 Bodkin Arrow
33:13 Imperial Age
31:51 Gold Shaft Mining
32:22 Masonry
33:21 Cavalier
33:55 Elite Tarkan
36:15 Conscription
35:31 Paladin
36:46 Coinage
37:27 Capped Ram
38:54 Siege Ram
40:41 Plate Barding Armor
41:48 Blast Furnace
40:49 Bracer
41:12 Ballistics
Connection lost

Rejoining the realm…

Still unreachable

The connection could not be restored.

Session expired

The server has moved on; the page needs a fresh start.